 Dungeon Crawl Stone Soup version 0.26.1-11-gd32895ea62 (webtiles) character file.

Game seed: 4927910834842327031

8 phalm the Conjurer (level 2, 18/20 HPs)
             Began as a Demonspawn Conjurer on June 20, 2021.
             Quit the game on level 1 of the Dungeon.
             The game lasted 00:00:38 (224 turns).

phalm the Conjurer (Demonspawn Conjurer)             Turns: 224, Time: 00:00:38

Health: 18/20      AC:  2    Str:  7    XL:     2   Next: 0%
Magic:  0/5        EV: 12    Int: 19    God:
Gold:   38         SH:  0    Dex: 11    Spells: 4/5 levels left

rFire    . . .     SeeInvis .   f - +1 dagger (venom)
rCold    . . .     Faith    .   (no shield)
rNeg     . . .     Spirit   .   a - +0 robe
rPois    .         Reflect  .   (no helmet)
rElec    .         Harm     .   (no cloak)
rCorr    .         Rampage  .   (no gloves)
Will     .....                  (no boots)
Stlth    ++........             (no amulet)
HPRegen  0.06/turn              (no ring)
MPRegen  0.09/turn              (no ring)

@: no status effects
A: spiny 1
a: no special abilities


You were on level 1 of the Dungeon.
You visited 1 branch of the dungeon, and saw 1 of its levels.

You collected 38 gold pieces.


Innate Abilities, Weirdness & Mutations

You are partially covered in sharp spines.


   Skills:
 + Level 0.5 Fighting
 - Level 1.7 Dodging
 - Level 1.7 Stealth
 + Level 2.1 Spellcasting
 * Level 4.2 Conjurations


You had 4 spell levels left.
You knew the following spells:

 Your Spells              Type           Power        Failure   Level
m - Magic Dart            Conj           72%          3%          1

Your spell library contained the following spells:

 Spells                   Type           Power        Failure   Level
 Searing Ray              Conj           36%          4%          2
 Dazzling Flash           Conj/Hex       20%          22%         3
 Fulminant Prism          Conj/Hex       5%           56%         4
 Iskenderun's Mystic Bla  Conj/Tloc      10%          56%         4

Inventory:

Hand Weapons
 f - a +1 dagger of venom (weapon)
   (You took it off a kobold on level 1 of the Dungeon)
Missiles
 b - 48 stones
 c - 7 poisoned darts (quivered)
Armour
 a - a +0 robe (worn)
Scrolls
 d - a scroll of magic mapping {unknown}
Potions
 e - a potion of might {unknown}

Dungeon Overview and Level Annotations

Branches:
Dungeon (1/15)

Altars:

#....#..##..........##.
#... #..##.............
#...##..##.............
#......................
#...##............##.##
#...###.......[........
#......†...............
####..)........
##....@........
#..##†####..#.. #.###h#
..#.. #.# #K........
### #........##
#...K.>..# #.....h..
#.......h #...(.(.#


You could see a jackal and a kobold.


Message History

d - a scroll labelled OFAYPL PEGH You now have 16 gold pieces (gained 5).
You now have 28 gold pieces (gained 12).
You now have 38 gold pieces (gained 10).
e - a golden potion
Found a stone staircase leading down.
b - 47 stones (gained 27)
A kobold comes into view. It is wielding a +1 dagger of venom.
The kobold shouts!
Casting: Magic Dart (safe; 3% risk of failure)
Confirm with . or Enter, or press ? or * to list all spells.
Aiming: Magic Dart (safe; 3% risk of failure)
Press: ? - help, Shift-Dir - straight line, f - kobold
Aim: a kobold, wielding a +1 dagger of venom (0% to evade)
The magic dart hits the kobold.
You kill the kobold! 😎 MP[-1]
You lost 1 mp, and now have 2/3 mp.
A giant cockroach comes into view.
Casting: Magic Dart (safe; 3% risk of failure)
Confirm with . or Enter, or press ? or * to list all spells.
Aiming: Magic Dart (safe; 3% risk of failure)
Press: ? - help, Shift-Dir - straight line, f - giant cockroach
Aim: a giant cockroach (wandering, hasn't noticed you, 0% to evade)
The magic dart hits the giant cockroach. 😎 MP[-1]
You lost 1 mp, and now have 1/3 mp.
Casting: Magic Dart (safe; 3% risk of failure)
Confirm with . or Enter, or press ? or * to list all spells.
Aiming: Magic Dart (safe; 3% risk of failure)
Press: ? - help, Shift-Dir - straight line, f/p - giant cockroach
Aim: a giant cockroach (almost dead, 0% to evade)
The magic dart hits the giant cockroach.
You kill the giant cockroach! 😎 MP[-1]
You lost 1 mp, and now have 0/3 mp.
Things that are here:
a +1 dagger of venom; a kobold corpse; 😎 MP[+3]
Your mp is fully restored (3).
f - a +1 dagger of venom Your +1 dagger of venom begins to drip with poison!
f - a +1 dagger of venom (weapon)
You see here a dagger.
A jackal comes into view.
The jackal barks!
You hear a bark!
You hear an angry hiss.
A jackal comes into view. x2
Found a stone staircase leading down.
Casting: Magic Dart (safe; 3% risk of failure)
Confirm with . or Enter, or press ? or * to list all spells.
Aiming: Magic Dart (safe; 3% risk of failure)
Press: ? - help, Shift-Dir - straight line, f - jackal
Aim: a jackal (0% to evade)
The magic dart hits the jackal.
The jackal barks! x2; You hear a bark!
You hear a shout! 😎 MP[-1]
You lost 1 mp, and now have 2/3 mp.
Casting: Magic Dart (safe; 3% risk of failure)
Confirm with . or Enter, or press ? or * to list all spells.
Aiming: Magic Dart (safe; 3% risk of failure)
Press: ? - help, Shift-Dir - straight line, f/p - jackal
Aim: a jackal (severely wounded, 0% to evade)
The magic dart hits the jackal.
You kill the jackal!
A jackal comes into view. 😎 HP[+1] MP[-1]
You now have 14 max hp (+1).
Your hp is fully restored (14).
You lost 1 mp, and now have 1/3 mp.
Casting: Magic Dart (safe; 3% risk of failure)
Confirm with . or Enter, or press ? or * to list all spells.
Aiming: Magic Dart (safe; 3% risk of failure)
Press: ? - help, Shift-Dir - straight line, f - jackal
Aim: a jackal (0% to evade)
The magic dart hits the jackal.
A kobold comes into view.
The kobold throws a stone.
The stone barely misses you. 😎 MP[-1]
You lost 1 mp, and now have 0/3 mp.
b - 48 stones (gained 1)
You throw a poisoned dart.
The poisoned dart barely misses the jackal.
You throw a poisoned dart.
The poisoned dart completely misses the jackal.
The jackal bites you. 😕 HP[-1]
You take 1 damage, and now have 13/14 hp.
You hit the jackal.
The jackal is poisoned.
The jackal closely misses you.
You completely miss the jackal. The jackal bites you.
The jackal closely misses you. 😕 HP[-1]
You take 1 damage, and now have 12/14 hp.
You kill the jackal!
You hit the jackal.
The jackal is poisoned.
You kill the jackal!
You have reached level 2!
Your demonic ancestry asserts itself...
Sharp spines emerge from parts of your body. 😕 HP[+6]
You now have 20 max hp (+6).
You regained 6 hp, and now have 18/20 hp.
Are you sure you want to abandon this character and quit the game? (Confirm with "yes".)

Action                   || total
-------------------------++-------
Melee: Dagger            ||     3
Throw: Dart              ||     2
 Cast: Magic Dart        ||     8
Dodge: Dodged            ||     3

Levels and vault maps discovered:
D:1:      dpeg_arrival_pond, layout_rooms

Notes
Turn   | Place    | Note
-------+----------+-------------------------------------------
     0 | D:1      | phalm the Demonspawn Conjurer began the quest for the Orb.
     0 | D:1      | Reached XP level 1. HP: 13/13 MP: 3/3
     0 | D:1      | magus.rc [v1.9.10]
   224 | D:1      | Gained mutation: You are partially covered in sharp spines.
                  | [demonic ancestry]
   224 | D:1      | Reached XP level 2. HP: 18/20 MP: 0/5
   224 | D:1      | Quit the game

Vanquished Creatures
  A giant cockroach (D:1)
  A hobgoblin (D:1)
  3 jackals (D:1)
  A kobold (D:1)
6 creatures vanquished.

Table legend:
 A = Non-vault XP
 B = Vault XP
 C = Vault XP percentage of total XP
 D = Non-vault monster count
 E = Vault monster count
 F = Vault count percentage of total count
                 A         B        C        D         E       F
            +---------+---------+-------+---------+---------+-------
      Total |      12 |       0 |   0.0 |       6 |       0 |   0.0
            +---------+---------+-------+---------+---------+-------
        D:1 |      12 |       0 |   0.0 |       6 |       0 |   0.0
            +---------+---------+-------+---------+---------+-------

Illustrated notes

Table legend:
 A = Kills in this place as a percentage of kills in entire the game.
 B = Kills by you in this place as a percentage of kills by you in the entire game.
 C = Kills by friends in this place as a percentage of kills by friends in the entire game.
 D = Other kills in this place as a percentage of other kills in the entire game.
 E = Experience gained in this place as a percentage of experience gained in the entire game.
 F = Experience gained in this place divided by the number of levels of this place that you have seen.
                   A       B       C       D       E      F
               +-------+-------+-------+-------+-------+----------------------
         Total | 100.0 | 100.0 |   N/A |   N/A | 100.0 |  12.0
       Dungeon | 100.0 | 100.0 |   N/A |   N/A | 100.0 |  12.0
               +-------+-------+-------+-------+-------+----------------------

Table legend: (Time is in decaauts)
 A = Elapsed time spent in this place.
 B = Non-inter-level travel time spent in this place.
 C = Inter-level travel time spent in this place.
 D = Time resting spent in this place.
 E = Time spent auto-exploring this place.
 F = Levels seen in this place.
 G = Mean time per level.
                   A        B        C        D        E       F      G
               +--------+--------+--------+--------+--------+-----+--------+
         Total |    223 |    223 |      0 |      0 |    197 |   1 |  223.0 |
       Dungeon |    223 |    223 |      0 |      0 |    197 |   1 |  223.0 |
               +--------+--------+--------+--------+--------+-----+--------+

Top non-repeatable levels by time:
     D:1: 223 daAuts
